AoeStats
← AxingQuestions

Socotra

504617007Analyzed
4v4 RM · 25d ago on Sep 6, 2026· 36m 9s· 8 players
Game mode
Random Map
Map size
148×148
Population
200
Speed
Normal
Resources
Standard
Victory
Conquest
Starting age
Dark Age
Ending age
Imperial Age
RankedLock teamsTeams togetherTeam positionsShared explorationLock speedFull tech treeHidden civsTurbo modeCheats
Victory
Defeat
🇩🇪 Armenians · Germany
1255
+14
🇦🇹 Muisca · Austria
1247
+14
🇨🇳 Koreans · China
1240
+14
🇦🇹 Mongols · Austria
1190
+16
🇺🇾 Malay · Uruguay
1234
-16
🇺🇸 Berbers · United States
1233
-15
🇨🇴 Bulgarians · Colombia
1209
-15
🇨🇴 Teutons · Colombia
1140
-12
AxingQuestions
7:07 Loom
11:15 Feudal Age
11:16 Man-at-Arms
13:32 Scale Mail Armor
14:58 Wheelbarrow
15:46 Double-Bit Axe
15:45 Horse Collar
17:26 Fletching
19:58 Town Watch
23:15 Castle Age
24:06 Scale Barding Armor
24:25 Forging
24:14 Gold Mining
25:17 Bloodlines
25:20 Husbandry
28:58 Chain Barding Armor
29:49 Iron Casting
31:51 Hand Cart
Caballero Cruzado
4:36 Loom
11:25 Feudal Age
12:09 Double-Bit Axe
17:27 Castle Age
16:17 Gold Mining
17:18 Wheelbarrow
16:47 Horse Collar
17:44 Scale Barding Armor
18:21 Bloodlines
20:24 Forging
22:43 Chain Barding Armor
23:51 Iron Casting
28:36 Hand Cart
32:34 Loom
33:49 Town Watch
christianperalta141
9:39 Loom
12:23 Feudal Age
13:13 Double-Bit Axe
13:16 Horse Collar
19:48 Castle Age
19:33 Fletching
20:33 Heavy Plow
21:54 Bloodlines
Paco
8:47 Loom
10:32 Feudal Age
11:19 Double-Bit Axe
11:17 Horse Collar
13:12 Wheelbarrow
18:36 Castle Age
22:36 Heavy Plow
22:54 Bow Saw
24:48 Scale Barding Armor
24:53 Forging
27:14 Husbandry
27:27 Forging
30:40 Fletching
30:50 Padded Archer Armor
SlopMasta
4:22 Loom
9:33 Feudal Age
10:04 Double-Bit Axe
11:34 Gold Mining
11:29 Horse Collar
11:23 Champi Runner
15:32 Forging
17:01 Fletching
18:12 Scale Mail Armor
22:05 Castle Age
20:36 Padded Archer Armor
22:09 Crossbowman
22:12 Pikeman
23:25 Bodkin Arrow
23:49 Heavy Plow
24:02 Bow Saw
26:00 Squires
26:42 Wheelbarrow
26:42 Ballistics
26:03 Treadmill Crane
28:04 Thumb Ring
29:13 Gold Shaft Mining
29:22 Hand Cart
29:14 Stone Mining
29:53 Town Watch
34:05 Imperial Age
32:43 Masonry
34:43 Fervor
34:53 Sanctity
34:34 Devotion
37:33 Imperial Age
36:04 Stone Shaft Mining
Crackhörnchen
2:15 Loom
9:25 Feudal Age
10:09 Double-Bit Axe
9:50 Man-at-Arms
12:44 Long Swordsman
16:12 Forging
16:58 Scale Mail Armor
17:09 Arson
24:07 Castle Age
22:14 Pikeman
22:52 Horse Collar
28:08 Halberdier
28:51 Squires
30:49 Iron Casting
32:00 Chain Mail Armor
38:26 Imperial Age
Mr. Curse
0:39 Loom
11:41 Feudal Age
12:56 Double-Bit Axe
12:55 Horse Collar
14:49 Wheelbarrow
18:28 Castle Age
16:47 Stone Mining
18:50 Wheelbarrow
18:10 Gold Mining
19:20 Heavy Plow
19:40 Bow Saw
21:23 Gold Shaft Mining
22:26 Ballistics
21:59 Fletching
23:28 Bodkin Arrow
25:52 Hand Cart
31:39 Imperial Age
30:04 Thumb Ring
30:12 Bloodlines
30:03 Husbandry
30:06 Padded Archer Armor
31:41 Leather Archer Armor
33:27 Bracer
34:55 Chemistry
34:53 Scale Barding Armor
35:37 Forging
36:05 Conscription
Kill Line
0:45 Loom
10:16 Feudal Age
11:40 Double-Bit Axe
16:24 Horse Collar
18:51 Fletching
25:12 Castle Age
25:49 Bodkin Arrow
28:16 Crossbowman
Connection lost

Rejoining the realm…

Still unreachable

The connection could not be restored.

Session expired

The server has moved on; the page needs a fresh start.